 Dungeon Crawl Stone Soup version 0.31.0-11-ge490571c62 (webtiles) character file.

Game seed: 12903644951442422628

99 qw the Shooter (level 4, -1/22 HPs)
             Began as a Spriggan Hunter on Feb 4, 2024.
             Slain by a ribbon worm (3 damage)
             ... on level 3 of the Dungeon.
             The game lasted 00:00:07 (1765 turns).

qw the Shooter (Spriggan Hunter)                    Turns: 1765, Time: 00:00:07

Health: -1/22      AC:  2    Str:  7    XL:     4   Next: 45%
Magic:  5/5        EV: 10    Int: 10    God:
Gold:   54         SH:  0    Dex: 20    Spells: 3/3 levels left

rFire   . . .        a - +0 shortbow
rCold   . . .        (shield currently unavailable)
rNeg    . . .        c - +0 robe
rPois   .            (helmet restricted)
rElec   .            (no cloak)
rCorr   .            (gloves unavailable)
SInv    +            (boots unavailable)
Will    .....        (no amulet)
Stlth   ++           (no ring)
HPRegen 0.23/turn    (no ring)
MPRegen 0.09/turn

%: no passive effects
@: held, very quick
A: very small, no large weapons, unfitting armour, see invisible, speed 3
a: no special abilities


You were on level 3 of the Dungeon.
You visited 1 branch of the dungeon, and saw 3 of its levels.

You collected 54 gold pieces.


Innate Abilities, Weirdness & Mutations

You are very small and have problems with some larger weapons.
You are too small for most types of armour.
You have supernaturally acute eyesight. (SInv)
You cover ground extremely quickly. (Speed+++)


   Skills:
 - Level 1.5 Fighting
 - Level 5.0 Ranged Weapons
 + Level 4.8 Dodging
 - Level 1.5 Stealth


You had 3 spell levels left.
You didn't know any spells.
Your spell library was empty.

Inventory:

Hand Weapons
 a - a +0 shortbow (weapon)
Armour
 c - a +0 robe (worn)
Scrolls
 b - a scroll of silence {unknown}
 g - a scroll of identify
Potions
 d - a potion of cancellation {unknown}
 e - 3 potions of curing
 f - a potion of haste
 i - a potion of resistance

Dungeon Overview and Level Annotations

Branches:
Dungeon (3/15)

Altars:

Shops:
D:1 (

Annotations:
D:1 1 transporter


Message History

You shoot an arrow.
The arrow hits the ribbon worm but does no damage.
The ribbon worm is severely wounded.
You shoot an arrow. The arrow hits the ribbon worm.
The ribbon worm is almost dead.
The ribbon worm closely misses you.
You shoot an arrow.
The arrow hits the ribbon worm but does no damage.
The ribbon worm is severely wounded.
The ribbon worm expels a string of sticky webbing.
The stream of webbing misses you.
You shoot an arrow. The arrow hits the ribbon worm.
The ribbon worm is severely wounded.
The ribbon worm expels a string of sticky webbing.
The stream of webbing hits you but does no damage.
You are caught in a web!
The ribbon worm bites you! The ribbon worm bites you.
The ribbon worm bites you. The ribbon worm closely misses you.
The ribbon worm bites you.
1751 ||| DRINKING potion of heal wounds.
You feel much better.
The ribbon worm expels a string of sticky webbing.
The stream of webbing misses you. The ribbon worm bites you.
The ribbon worm barely misses you. The ribbon worm closely misses you.
1756 ||| Stepping randomly (stuck).
You struggle to detach yourself from the web.
The ribbon worm barely misses you.
The ribbon worm expels a string of sticky webbing.
The stream of webbing misses you. The ribbon worm bites you.
The ribbon worm bites you. The ribbon worm bites you!
The ribbon worm barely misses you. The ribbon worm bites you.
The ribbon worm bites you.
You die...

#######
######......
######...#...#####
#......#...#......
#@####...#...#####
#w# ######.## #)#
...# ..[ ##### #.#
#.# ### #.# ..#
#.. #.# #.#


You could see a ribbon worm.

Vanquished Creatures
  4 adders (D:2)
  3 ribbon worms
  4 bats
  5 endoplasms
  3 goblins (D:1)
  3 hobgoblins
  A quokka (D:1)
  10 ball pythons
  13 frilled lizards
  8 kobolds
  7 rats
61 creatures vanquished.

Notes
Turn   | Place    | Note
-------+----------+-------------------------------------------
     0 | D:1      | qw the Spriggan Hunter began the quest for the Orb.
     0 | D:1      | Reached XP level 1. HP: 10/10 MP: 2/2
     0 | D:1      | 0 ||| qw: Version: 0.3-a-160-g6735b56
     0 | D:1      | 0 ||| qw: Game counter: 5382
     0 | D:1      | 0 ||| qw: Melee chars always use a shield: true
     0 | D:1      | 0 ||| qw: God list: Okawaru
     0 | D:1      | 0 ||| qw: Allow faded altars: false
     0 | D:1      | 0 ||| qw: Do Orc after clearing Dungeon:15 true
     0 | D:1      | 0 ||| qw: Do second Lair branch before Depths: true
     0 | D:1      | 0 ||| qw: Lair rune preference: random
     0 | D:1      | 0 ||| qw: Goals: Normal
     0 | D:1      | 0 ||| PLANNING D:1-11
    36 | D:1      | Reached skill level 3 in Dodging
   102 | D:1      | Reached XP level 2. HP: 14/14 MP: 3/3
   414 | D:1      | Reached XP level 3. HP: 14/18 MP: 4/4
   640 | D:1      | Found a transporter.
   640 | D:1      | Found Aru Ysm's Weapon Boutique.
   892 | D:1      | 892 ||| DROPPING amulet of magic regeneration.
   893 | D:1      | 893 ||| READING scroll labelled EFAZ FINUCZY.
   894 | D:1      | 894 ||| READING scroll labelled AVOIRI YGARRIC.
   894 | D:1      | 894 ||| IDENTIFYING inky potion
   895 | D:1      | 895 ||| DRINKING 3 emerald potions.
   896 | D:1      | 896 ||| DROPPING scroll of butterflies.
  1083 | D:2      | Reached skill level 5 in Ranged Weapons
  1167 | D:2      | Reached XP level 4. HP: 22/22 MP: 5/5
  1536 | D:2      | 1536 ||| READING 2 scrolls of identify.
  1536 | D:2      | 1536 ||| IDENTIFYING black potion
  1537 | D:2      | 1537 ||| READING scroll of identify.
  1537 | D:2      | 1537 ||| IDENTIFYING fizzy emerald potion
  1538 | D:2      | 1538 ||| READING 2 scrolls labelled QUDU EHECOKH.
  1539 | D:2      | 1539 ||| READING scroll labelled UGEDEC XUGEYRON.
  1540 | D:2      | 1540 ||| DROPPING scroll of fear.
  1750 | D:3      | HP: 2/22 [ribbon worm (6)]
  1751 | D:3      | 1751 ||| DRINKING potion of heal wounds.
  1756 | D:3      | 1756 ||| Stepping randomly (stuck).
  1761 | D:3      | HP: 4/22 [ribbon worm (8)]
  1765 | D:3      | Slain by a ribbon worm

Levels and vault maps discovered:
D:1:      giann_horns, layout_basic, serial_shops, nicolae_shop_drivethru,
          chequers_serial_rivers_micro_a, minmay_lizard_king
D:2:      cheibrodos_old_hovel, layout_basic
D:3:      layout_loops_ring, trog_hazing_becter, shapermc_ecumenical_altar_petra

Skill      XL: |  1  2  3 |
---------------+----------+-----
Dodging        | 3 4 |  4.8
Ranged Weapons | 5 |  5.0
Fighting       | |  1.5
Stealth        | |  1.5

Action                     |  1- 3 |  4- 6 || total
---------------------------+-------+-------++-------
   Fire: Shortbow          |   132 |    48 ||   180
    Use: Scroll            |     2 |     4 ||     6
         Potion            |     1 |     1 ||     2
 Armour: Robe              |    18 |    13 ||    31
  Dodge: Dodged            |    42 |    23 ||    65

Table legend:
 A = Non-vault XP
 B = Vault XP
 C = Vault XP percentage of total XP
 D = Non-vault monster count
 E = Vault monster count
 F = Vault count percentage of total count
                 A         B        C        D         E       F
            +---------+---------+-------+---------+---------+-------
      Total |     130 |      12 |   8.5 |      50 |      11 |  18.0
            +---------+---------+-------+---------+---------+-------
        D:1 |      45 |      10 |  18.2 |      29 |      10 |  25.6
        D:2 |      75 |       2 |   2.6 |      15 |       1 |   6.2
        D:3 |      10 |       0 |   0.0 |       6 |       0 |   0.0
            +---------+---------+-------+---------+---------+-------
